 Dungeon Crawl Stone Soup version 0.23-b1-84-g6588a6b (webtiles) character file.

Game seed: 9676568101611719506

198521 Kairos the Severer (level 18, -8/97 HPs)
             Began as a Vine Stalker Fighter on Feb 7, 2019.
             Was the Champion of Okawaru.
             Mangled by a shambling mangrove (13 damage)
             ... on level 3 of the Swamp.
             The game lasted 01:26:08 (23453 turns).

Kairos the Severer (Vine Stalker Fighter)          Turns: 23453, Time: 01:26:08

Health: -8/97      AC: 24    Str: 40    XL:     18   Next: 44%
Magic:  0/30       EV:  8    Int: 12    God:    Okawaru [******]
Gold:   265        SH: 28    Dex: 10    Spells: 19/19 levels left

rFire    + . .     SeeInvis .   N - +6 whip of Wariness {speed, Str+2}
rCold    + + +     Gourm    .   c - +4 large shield of the Ward {rPois Regen+ Int+4 Dex-5}
rNeg     . . .     Faith    +   K - +3 plate armour
rPois    +         Spirit   +   q - +0 hat "Nepab" {rCorr Str+4}
rElec    +         Reflect  .   u - scarf {rC+ rF+}
rCorr    +         Harm     .   R - +2 pair of gloves {Str+3}
MR       ++++.     NoTele   +   a - +0 pair of boots of Qaost {-Tele rC+ MR+++ Regen+}
Stlth    ..........             B - amulet of Eqovuta {Faith rElec rC+ MR- Str+5}
HPRegen  1.86/turn              E - ring of poison resistance
MPRegen  0.22/turn              I - ring of magical power

@: heroism, finesse, grasped by roots, constricted, drained
A: fangs 3, regeneration 2, magic shield, antimagic bite, no potion heal 3, rot
immunity
}: 1/15 runes: serpentine
a: Heroism, Finesse, Renounce Religion


You were on level 3 of the Swamp.
You worshipped Okawaru.
Okawaru was exalted by your worship.
You were not hungry.

You visited 5 branches of the dungeon, and saw 25 of its levels.
You also visited: Ice Cave.

You collected 1847 gold pieces.
You spent 1582 gold pieces at shops.

Inventory:

Hand Weapons
 j - the +5 broad axe of the Forest {drain, -Tele +Rage Int+8 Dex+4}
   (Okawaru gifted it to you on level 2 of the Lair of Beasts)

   A truly terrible weapon, it drains the life of those it strikes.
   It affects your intelligence (+8).
   It affects your dexterity (+4).
   It lets you go berserk.
   It prevents most forms of teleportation.
 s - a +2 broad axe of venom
 G - the +9 staff of Olgreb {rPois}
   (You found it on level 6 of the Dungeon)

   It protects you from poison.
 J - a +2 broad axe of chopping
 N - the +6 whip of Wariness (weapon) {speed, Str+2}
   (You found it on level 8 of the Dungeon)

   Attacks with this weapon are significantly faster.
   It affects your strength (+2).
 S - a +2 broad axe of draining
 T - a +0 flail of holy wrath
 Z - the +8 lance "Wyrmbane" {slay drac, rPois rF+ rC+ AC+3}
   (You found it in an ice cave)

   It affects your AC (+3).
   It protects you from fire.
   It protects you from cold.
   It protects you from poison.
Armour
 a - the +0 pair of boots of Qaost (worn) {-Tele rC+ MR+++ Regen+}
   (You found it in an ice cave)

   It protects you from cold.
   It affects your resistance to hostile enchantments.
   It prevents most forms of teleportation.
   It increases your rate of regeneration.
 c - the +4 large shield of the Ward (worn) {rPois Regen+ Int+4 Dex-5}
   (You found it on level 6 of the Lair of Beasts)

   It affects your intelligence (+4).
   It affects your dexterity (-5).
   It protects you from poison.
   It increases your rate of regeneration.
 l - the +0 helmet of the Stallion {-Cast rN+ SInv Stlth+}
   (Okawaru gifted it to you on level 1 of the Swamp)

   It protects you from negative energy.
   It lets you see invisible.
   It prevents spellcasting.
   It makes you more stealthy.
 q - the +0 hat "Nepab" (worn) {rCorr Str+4}
   (Okawaru gifted it to you on level 4 of the Lair of Beasts)

   It affects your strength (+4).
   It provides partial protection from all sources of acid and corrosion.
 u - a scarf of resistance (worn)
 w - a scarf of cloud immunity
 K - a +3 plate armour (worn)
 R - a +2 pair of gloves of strength (worn)
Jewellery
 B - the amulet of Eqovuta (around neck) {Faith rElec rC+ MR- Str+5}
   (You bought it in a shop on level 1 of the Snake Pit)

   [amulet of faith]

   It allows you to gain divine favour quickly.
   It affects your strength (+5).
   It protects you from cold.
   It insulates you from electricity.
   It affects your resistance to hostile enchantments.
 E - a ring of poison resistance (left hand)
 I - a ring of magical power (right hand)
 L - an uncursed ring of protection from cold
 O - an uncursed ring of positive energy
 Q - an uncursed ring of stealth
 W - an uncursed ring of protection from fire
Wands
 d - a wand of scattershot (3)
 g - a wand of acid (23)
 z - a wand of iceblast (14)
 C - a wand of digging (10)
Scrolls
 e - a scroll of fog
 h - 4 scrolls of blinking
 k - 13 scrolls of remove curse
 m - 12 scrolls of teleportation
 n - a scroll of brand weapon
 p - 11 scrolls of amnesia
 r - a scroll of holy word
 t - 3 scrolls of fear
 y - 4 scrolls of enchant weapon
 A - a scroll of summoning
 D - 4 scrolls of magic mapping
 H - 3 scrolls of enchant armour
 P - 2 scrolls of silence
Potions
 b - 2 potions of agility
 i - 11 potions of curing
 o - a potion of might
 v - 3 potions of haste
 x - 4 potions of lignification
 F - 4 potions of cancellation
 M - 2 potions of invisibility
 U - 4 potions of mutation
 V - 2 potions of brilliance
 X - 4 potions of flight {unknown}
 Y - a potion of resistance
Comestibles
 f - 41 rations


   Skills:
 + Level 11.7(15.2) Fighting
 - Level 17.6(21.2) Axes
 + Level 6.1(16.6) Maces & Flails
 + Level 1.4(15.5) Polearms
 + Level 2.0(8.2) Staves
 + Level 10.2(13.7) Armour
 + Level 4.1(7.8) Dodging
 + Level 2.5(6.3) Stealth
 + Level 14.0(17.4) Shields
 + Level 1.1(0.1) Spellcasting
 + Level 3.0(1.9) Invocations
 + Level 1.9(0.9) Evocations


You had 19 spell levels left.
You didn't know any spells.
Your spell library contained the following spells:

 Spells                   Type           Power        Failure   Level  Hunger
 Magic Dart               Conj           #...         98%         1    ##.....
 Sandblast                Erth           #.....       98%         1    ##.....
 Summon Small Mammal      Summ           #...         98%         1    ##.....
 Blink                    Tloc           N/A          99%         2    ###....
 Call Imp                 Summ           #.......     99%         2    ###....
 Passwall                 Tmut/Erth      #.......     99%         2    ###....
 Slow                     Hex            #.......     99%         2    ###....
 Sublimation of Blood     Necr           #.........   99%         2    ###....
 Call Canine Familiar     Summ           #.......     100%        3    ####...
 Conjure Flame            Conj/Fire      #.......     100%        3    ####...
 Ignite Poison            Fire/Tmut/Pois #.......     100%        3    ####...
 Mephitic Cloud           Conj/Pois/Air  #.......     100%        3    ####...
 Stone Arrow              Conj/Erth      #.....       100%        3    ####...
 Summon Guardian Golem    Hex/Summ       #.......     100%        3    ####...
 Petrify                  Tmut/Erth      #.......     100%        4    #####..
 Summon Ice Beast         Ice/Summ       #.......     100%        4    #####..
 Summon Lightning Spire   Summ/Air       #.......     100%        4    #####..
 Alistair's Intoxication  Tmut/Pois      #.......     100%        5    ######.
 Irradiate                Conj/Tmut      #.........   100%        5    ######.
 Lee's Rapid Deconstruct  Erth           #.........   100%        5    ######.


Dungeon Overview and Level Annotations

Branches:
Dungeon (11/15)            Temple (1/1) D:7            Lair (6/6) D:11
  Swamp (3/4) Lair:3        Snake (4/4) Lair:4        Slime (0/5) Lair:6
    Orc (0/2) D:9

Altars:
Ashenzari
Cheibriados
Dithmenos
Elyvilon
Fedhas
Gozag
Hepliaklqana
Kikubaaqudgha
Nemelex Xobeh
Okawaru
Qazlal
Ru
Sif Muna
Trog
Uskayaw
Wu Jian
Xom
Yredelemnul
Zin
The Shining One

Shops:
D:5 %   D:7 (   D:8 :   D:11 *   Snake:1 =}=   Snake:2 %   Snake:3 [
Snake:4 *

Annotations:
D:6 1 runed translucent door
Lair:3 2 transporters, Mrkaede's ghost, journeyman HOMo


Innate Abilities, Weirdness & Mutations

You have razor-sharp teeth.
You heal very quickly.
When hurt, damage is shared between your health and your magic reserves.
Your bite disrupts and absorbs the magic of your enemies.
Potions cannot restore your health.
You are immune to rotting.


Message History

Roots burst forth from the earth!
The grasping roots grab you!
* * * LOW HITPOINT WARNING * * *
The grasping roots constrict you.
As you read the scroll of fog, it crumbles to dust.
The scroll dissolves into smoke.
* * * LOW HITPOINT WARNING * * *
The grasping roots constrict you.
Okay, then.
Aiming: Scattershot
Press: ? - help, Shift-Dir - straight line The burst of metal fragments hits the shambling mangrove but does no damage.
Aiming: Scattershot
Press: ? - help, Shift-Dir - straight line, f - swamp drake
Aim: a swamp drake (water, catching its breath)
The burst of metal fragments hits the swamp drake! x3
The swamp drake is almost dead.
The swamp drake breathes noxious fumes at you.
The noxious blast misses you.
You die...

♣≈≈.♣♣♣.≈≈≈≈≈...♣§≈♣♣
≈♣♣.§≈.♣♣.≈≈....♣♣♣♣♣♣
♣≈≈.....≈.≈≈≈.≈.♣ ♣♣♣
♣≈♣≈......≈≈≈≈≈♣♣♣♣.♣♣♣♣♣♣♣
♣≈♣♣§.♣P≈°.≈≈≈..≈≈♣..[♣.≈≈≈
♣ ♣♣...♣..≈≈§≈..≈♣.≈..≈≈≈.
♣.≈.♣♣○○§§≈≈.≈♣♣♣♣.≈≈≈≈
≈≈.≈.♣♣○§§§§≈.♣ ♣.≈≈≈≈
♣♣≈.≈.♣♣@○§§§..≈ ♣≈§≈≈≈
♣≈.≈≈○○○○§≈§.≈♣ ♣≈≈≈≈≈
≈.≈≈.○k≈○≈≈§§.♣ ♣..≈..
..≈≈f≈≈≈≈≈°≈≈.. ♣≈...≈
..≈≈≈.≈≈≈≈.≈..≈ ♣♣≈.(.
♣♣.....§.≈♣...♣ ♣♣♣..
♣.≈≈..≈.♣♣§≈.♣ ♣♣♣
..♣♣♣♣..♣ ♣♣♣


You could see a shambling mangrove and a swamp drake.

Vanquished Creatures
  Vashnia (Snake:2)
  3 thorn hunters (Swamp:3)
  Frances (Swamp:2)
  9 nagarajas (Snake:4)
  Louise (Swamp:1)
  A reaper (IceCv)
  Josephine (Lair:5)
  14 naga warriors
  A catoblepas (D:11)
  9 hydras
  10 anacondas
  A shambling mangrove (Swamp:3)
  A ghost crab (Swamp:3)
  8 alligators
  4 two-headed ogres
  20 naga sharpshooters
  9 shock serpents
  5 salamander mystics
  A spriggan druid (Swamp:2)
  9 naga ritualists
  Pikel (D:7)
  2 ugly things (D:11)
  A wolf spider (Lair:6)
  2 manticores (D:11)
  4 mana vipers
  2 oklob plants (Lair:2)
  A cyclops (D:11)
  8 salamanders
  Maurice (D:11)
  18 naga magi
  22 black mambas
  8 guardian serpents
  2 ice statues (IceCv)
  Psyche (D:8)
  8 spiny frogs
  4 rime drakes
  11 komodo dragons
  7 ice devils (IceCv)
  Grinder (D:3)
  7 tyrant leeches
  2 trolls
  3 hornets
  11 polar bears
  9 blink frogs
  3 raiju (Lair:6)
  3 hippogriffs
  3 bog bodies
  5 dream sheep (Lair:3)
  Sigmund (D:3)
  4 spriggans
  5 wraiths
  A wyvern (Lair:1)
  2 shadows
  25 yaks
  2 hungry ghosts (D:11)
  Grum (D:8)
  Eustachio (D:4)
  2 basilisks
  4 vampire mosquitoes (Swamp:1)
  Menkaure (D:4)
  75 nagas
  4 wargs (Lair:6)
  6 soldier ants (D:6)
  12 swamp worms
  4 insubstantial wisps (Swamp:1)
  Duvessa (D:4)
  A swamp drake (Swamp:1)
  17 water moccasins
  6 porcupines
  13 hell hounds (Lair:6)
  16 black bears
  2 ice beasts
  4 slaves
  9 orc warriors
  2 sky beasts (D:5)
  4 phantoms
  8 ogres
  30 wolves
  7 crocodiles
  7 centaurs
  A big kobold (D:9)
  10 bullfrogs
  6 gnoll sergeants (D:9)
  Dowan (D:4)
  7 scorpions
  24 killer bees
  7 wights
  2 electric eels (Lair:3)
  A howler monkey (D:8)
  4 bullfrog zombies
  3 centaur zombies
  2 crimson imps
  Crazy Yiuf (D:2)
  9 jellies
  3 centaur skeletons
  6 orc priests
  5 hounds
  12 orc wizards
  Jessica (D:3)
  Ijyb (D:5)
  Terence (D:3)
  Natasha (thrice) (D:2)
  6 iguanas
  15 worker ants
  A mummy (D:5)
  A hound skeleton (D:5)
  Robin (D:4)
  17 adders
  A gnoll (D:9)
  4 shadow imps
  4 white imps (IceCv)
  10 ufetubi (IceCv)
  An ooze (D:4)
  3 adder skeletons (D:7)
  4 worms
  4 dart slugs
  7 leopard geckos
  64 orcs
  A ball python (D:1)
  8 bats
  6 giant cockroaches
  15 goblins
  10 hobgoblins
  11 jackals
  4 quokkas
  7 frilled lizards
  11 kobolds
  12 rats
  A spectral orc (D:2)
  8 briar patches (Swamp:3)
  A fungus (Lair:1)
  2 plants (Lair:6)
886 creatures vanquished.

Vanquished Creatures (others)
  An alligator (Swamp:3)
  A black mamba (Lair:6)
  A hell hound (Lair:6)
  A worker ant (D:11)
  2 white imps (IceCv)
  5 ufetubi (IceCv)
  A briar patch (Swamp:3)
  10 plants
22 creatures vanquished.

Grand Total: 908 creatures vanquished

Notes
Turn   | Place    | Note
-------+----------+-------------------------------------------
     0 | D:1      | Kairos the Vine Stalker Fighter began the quest for the
                  | Orb.
     0 | D:1      | Reached XP level 1. HP: 11/11 MP: 2/2
   113 | D:1      | Reached XP level 2. HP: 8/16 MP: 3/3
   336 | D:1      | Reached XP level 3. HP: 16/19 MP: 4/4
   445 | D:2      | Reached skill level 2 in Axes
  1001 | D:2      | Gained mutation: Your natural rate of healing is unusually
                  | fast. [Vine Stalker growth]
  1001 | D:2      | Reached XP level 4. HP: 15/24 MP: 3/5
  1021 | D:2      | Noticed Natasha
  1033 | D:2      | Killed Natasha
  1111 | D:2      | Found a shadowy altar of Dithmenos.
  1411 | D:2      | Found a runed translucent door.
  1412 | D:2      | Noticed Crazy Yiuf
  1710 | D:2      | Found an ornate altar of the Wu Jian Council.
  1714 | D:2      | Found a glowing golden altar of the Shining One.
  1803 | D:2      | Noticed Natasha
  1815 | D:2      | Killed Natasha
  1815 | D:2      | Reached skill level 3 in Axes
  1815 | D:2      | Reached XP level 5. HP: 21/28 MP: 3/6
  1842 | D:2      | Noticed Natasha
  1867 | D:2      | Killed Natasha
  2041 | D:2      | Found a basalt altar of Yredelemnul.
  2339 | D:2      | Killed Crazy Yiuf
  2439 | D:3      | Noticed Sigmund
  2533 | D:3      | Killed Sigmund
  2533 | D:3      | Reached XP level 6. HP: 26/32 MP: 5/7
  2536 | D:3      | Reached skill level 4 in Axes
  2662 | D:3      | Noticed Terence
  2688 | D:3      | Killed Terence
  2862 | D:3      | Reached skill level 1 in Dodging
  2923 | D:3      | Found a shimmering altar of Xom.
  2941 | D:3      | Reached XP level 7. HP: 37/37 MP: 8/8
  2996 | D:3      | Noticed Jessica
  3000 | D:3      | Killed Jessica
  3144 | D:4      | Noticed Grinder
  3144 | D:4      | Noticed Eustachio
  3151 | D:3      | Paralysed by Grinder for 3 turns
  3159 | D:3      | Killed Grinder
  3159 | D:3      | Reached skill level 5 in Axes
  3394 | D:4      | You fall through a shaft for 3 floors!
  3436 | D:7      | Found a staircase to the Ecumenical Temple.
  3443 | Temple   | Entered the Ecumenical Temple
  3607 | Temple   | Became a worshipper of Warmaster Okawaru
  3642 | D:6      | Noticed a troll
  3647 | D:6      | Killed a troll
  3647 | D:6      | Gained mutation: You have razor-sharp teeth. [Vine Stalker
                  | growth]
  3647 | D:6      | Reached XP level 8. HP: 9/42 MP: 3/9
  3727 | D:6      | Reached * piety under Okawaru
  3806 | D:6      | Noticed a two-headed ogre
  3860 | D:5      | Entered Level 5 of the Dungeon
  3873 | D:5      | Reached skill level 6 in Axes
  4011 | D:5      | Noticed Ijyb
  4024 | D:5      | Killed Ijyb
  4103 | D:5      | Reached ** piety under Okawaru
  4142 | D:5      | Reached skill level 5 in Fighting
  4173 | D:5      | Reached skill level 5 in Shields
  4192 | D:5      | Reached XP level 9. HP: 47/47 MP: 10/10
  4271 | D:5      | Found a snail-covered altar of Cheibriados.
  4517 | D:5      | Found Pump's Food Emporium.
  4568 | D:5      | Reached skill level 7 in Axes
  4775 | D:4      | Noticed Robin
  4803 | D:4      | Killed Robin
  4823 | D:4      | Noticed Menkaure
  4832 | D:4      | Killed Menkaure
  4845 | D:4      | Noticed Duvessa
  4845 | D:4      | Noticed Dowan
  4868 | D:4      | Killed Duvessa
  4877 | D:4      | Killed Dowan
  4897 | D:4      | Killed Eustachio
  5114 | D:4      | Reached *** piety under Okawaru
  5428 | D:6      | Killed a two-headed ogre
  5428 | D:6      | Reached skill level 8 in Axes
  5428 | D:6      | Reached skill level 5 in Armour
  5428 | D:6      | Reached XP level 10. HP: 18/51 MP: 11/11
  6172 | D:6      | Found a sparkling altar of Nemelex Xobeh.
  6505 | D:6      | Found the +9 staff of Olgreb {rPois}
  6510 | D:6      | Found a runed translucent door.
  6531 | D:6      | Found a runed translucent door.
  6540 | D:6      | Found a runed translucent gate.
  6540 | D:6      | Found a runed translucent gate.
  6557 | D:6      | Found a runed translucent gate.
  6676 | D:6      | Reached **** piety under Okawaru
  6993 | D:7      | Reached skill level 1 in Invocations
  7293 | D:7      | Noticed Pikel
  7309 | D:7      | Killed Pikel
  7309 | D:7      | Reached skill level 1 in Staves
  7338 | D:7      | Found Zuomyclo's Weapon Shop.
  7783 | D:8      | Noticed Psyche
  7798 | D:8      | Killed Psyche
  7798 | D:8      | Reached ***** piety under Okawaru
  7798 | D:8      | Reached XP level 11. HP: 46/58 MP: 12/12
  7849 | D:8      | Got a bone whip
  7850 | D:8      | Identified the +6 whip of Wariness {speed, Str+2} (You
                  | found it on level 8 of the Dungeon)
  8248 | D:8      | Noticed Grum
  8264 | D:8      | Killed Grum
  8307 | D:8      | Found Plog's Book Shop.
  8516 | D:9      | Found an opulent altar of Gozag.
  8547 | D:9      | Received a gift from Okawaru
  8550 | D:9      | Reached skill level 9 in Axes
  9075 | D:9      | Found a staircase to the Orcish Mines.
  9120 | D:9      | Noticed a two-headed ogre
  9127 | D:9      | Killed a two-headed ogre
  9329 | D:10     | Entered Level 10 of the Dungeon
  9354 | D:10     | Received a gift from Okawaru
  9409 | D:10     | Noticed a two-headed ogre
  9418 | D:10     | Killed a two-headed ogre
  9418 | D:10     | Reached skill level 10 in Axes
  9691 | D:10     | Gained mutation: You heal very quickly. [Vine Stalker
                  | growth]
  9691 | D:10     | Reached XP level 12. HP: 54/63 MP: 13/13
 10017 | D:11     | Noticed Maurice
 10038 | D:11     | Killed Maurice
 10110 | D:11     | Found a staircase to the Lair.
 10260 | D:11     | Noticed a two-headed ogre
 10269 | D:11     | Killed a two-headed ogre
 10332 | D:11     | Reached skill level 11 in Axes
 10365 | D:11     | Noticed a catoblepas
 10395 | D:11     | Killed a catoblepas
 10783 | D:11     | Found Jaugoru's Assorted Antiques.
 10791 | D:11     | Reached ****** piety under Okawaru
 10791 | D:11     | Reached skill level 1 in Evocations
 11076 | Lair:1   | Entered Level 1 of the Lair of Beasts
 11120 | Lair:1   | Noticed a four-headed hydra
 11135 | Lair:1   | Killed a four-headed hydra
 11160 | Lair:1   | You fall through a shaft!
 11224 | Lair:2   | Found a frozen archway.
 11232 | Lair:2   | Reached skill level 12 in Axes
 11239 | IceCv    | Entered an ice cave
 11414 | IceCv    | Reached skill level 5 in Maces & Flails
 11577 | IceCv    | Reached XP level 13. HP: 68/68 MP: 15/15
 11686 | IceCv    | Noticed a reaper
 11697 | IceCv    | Killed a reaper
 11708 | IceCv    | Found the +8 lance "Wyrmbane" {slay drac, rPois rF+ rC+
                  | AC+3}
 11920 | IceCv    | Got a pair of translucent boots
 11931 | IceCv    | Identified the cursed +0 pair of boots of Qaost {-Tele rC+
                  | MR+++ Regen+} (You found it in an ice cave)
 12220 | Lair:2   | Received a gift from Okawaru
 12246 | Lair:2   | Got a twisted broad axe {god gift}
 12247 | Lair:2   | Identified the +5 broad axe of the Forest {drain, -Tele
                  | +Rage Int+8 Dex+4} (Okawaru gifted it to you on level 2 of
                  | the Lair of Beasts)
 13638 | Lair:3   | Found a staircase to the Swamp.
 13974 | Lair:3   | Found a transporter.
 13980 | Lair:3   | Found a transporter.
 14073 | Lair:3   | Got a glittering iron ring
 14075 | Lair:3   | Identified the cursed ring of Qazlal's Favour {rC+ Str-3}
                  | (You found it on level 3 of the Lair of Beasts)
 14143 | Lair:3   | Noticed Mrkaede's ghost (journeyman HOMo)
 14662 | Lair:4   | Reached skill level 13 in Axes
 14690 | Lair:4   | Received a gift from Okawaru
 14693 | Lair:4   | Got a faintly humming hat {god gift}
 14704 | Lair:4   | Identified the +0 hat "Nepab" {rCorr Str+4} (Okawaru gifted
                  | it to you on level 4 of the Lair of Beasts)
 15124 | Lair:4   | Found a staircase to the Snake Pit.
 15530 | Lair:5   | Noticed Josephine
 15854 | Lair:5   | Reached skill level 1 in Stealth
 15870 | Lair:5   | Killed Josephine
 15870 | Lair:5   | Reached XP level 14. HP: 66/75 MP: 16/16
 15872 | Lair:5   | Found an opulent altar of Gozag.
 16285 | Lair:6   | Entered Level 6 of the Lair of Beasts
 16434 | Lair:6   | Found a staircase to the Slime Pits.
 16462 | Lair:6   | Reached skill level 14 in Axes
 16836 | Lair:6   | Received a gift from Okawaru
 16905 | Lair:6   | Reached skill level 10 in Shields
 16907 | Lair:6   | Received a gift from Okawaru
 17051 | Lair:6   | Got a steaming large shield
 17057 | Lair:6   | Identified the +4 large shield of the Ward {rPois Regen+
                  | Int+4 Dex-5} (You found it on level 6 of the Lair of
                  | Beasts)
 17649 | Snake:1  | Entered Level 1 of the Snake Pit
 17650 | Snake:1  | Found Tyastrut's Gadget Shop.
 17651 | Snake:1  | Found Tauxoz's Jewellery Shoppe.
 17651 | Snake:1  | Found Bupp's Jewellery Shoppe.
 17673 | Snake:1  | Bought the amulet of Eqovuta {Faith rElec rC+ MR- Str+5}
                  | for 1278 gold pieces
 17744 | Snake:1  | Reached skill level 15 in Axes
 17855 | Snake:1  | Reached XP level 15. HP: 78/79 MP: 17/17
 17977 | Snake:1  | Found a sparkling altar of Nemelex Xobeh.
 18055 | Snake:1  | Received a gift from Okawaru
 18840 | Snake:2  | Received a gift from Okawaru
 18894 | Snake:2  | Found Jigruitto's Food Emporium.
 18937 | Snake:2  | Reached skill level 16 in Axes
 19251 | Snake:2  | Noticed Vashnia
 19357 | Snake:2  | Received a gift from Okawaru
 19378 | Snake:2  | Reached skill level 10 in Fighting
 19404 | Snake:2  | Reached skill level 1 in Polearms
 19404 | Snake:2  | Reached skill level 1 in Spellcasting
 19404 | Snake:2  | Reached XP level 16. HP: 85/85 MP: 18/18
 19420 | Snake:2  | Killed Vashnia
 19759 | Snake:3  | Received a gift from Okawaru
 19762 | Snake:3  | Got a faintly glowing war axe {god gift}
 19763 | Snake:3  | Identified the +3 war axe of Spite {drain, MR+++ MP-9 Int+5
                  | SInv} (Okawaru gifted it to you on level 3 of the Snake
                  | Pit)
 19950 | Snake:3  | Reached XP level 17. HP: 85/89 MP: 20/20
 20323 | Snake:3  | Found Zevac's Antique Armour Boutique.
 20331 | Snake:3  | Bought a pair of embroidered gloves for 232 gold pieces
 20483 | Snake:4  | Entered Level 4 of the Snake Pit
 20555 | Snake:4  | Reached skill level 17 in Axes
 20725 | Snake:4  | Found Taapafas's General Store.
 20985 | Snake:4  | Received a gift from Okawaru
 21164 | Snake:4  | Received a gift from Okawaru
 21236 | Snake:4  | Identified the +2 robe "Ighuzeoka" {rPois rN+ MR- Dex+4}
 21376 | Snake:4  | Got a serpentine rune of Zot
 21458 | Snake:4  | Reached XP level 18. HP: 96/96 MP: 21/21
 21602 | Snake:4  | Bought a potion of might for 72 gold pieces
 21774 | Swamp:1  | Entered Level 1 of the Swamp
 21809 | Swamp:1  | Received a gift from Okawaru
 21812 | Swamp:1  | Got a distressingly furry helmet {god gift}
 21823 | Swamp:1  | Identified the +0 helmet of the Stallion {-Cast rN+ SInv
                  | Stlth+} (Okawaru gifted it to you on level 1 of the Swamp)
 21908 | Swamp:1  | Noticed Louise
 21930 | Swamp:1  | Killed Louise
 22421 | Swamp:2  | Reached skill level 10 in Armour
 22428 | Swamp:2  | Noticed Frances
 22443 | Swamp:2  | Killed Frances
 23450 | Swamp:3  | HP: 4/97 [shambling mangrove (3)]
 23451 | Swamp:3  | HP: 1/97 [shambling mangrove (5)]
 23453 | Swamp:3  | Mangled by a shambling mangrove

Skill      XL: |  1  2  3  4  5  6  7  8  9 10 11 12 13 14 15 16 17 18 |
---------------+-------------------------------------------------------+-----
Shields        | 3 4 5 6 7 8 9 10 11 13 14 | 14.0
Fighting       | 3 4 5 6 7 8 9 10 11 | 11.7
Axes           | 2 3 4 5 6 8 10 12 13 15 16 17 | 17.6
Armour         | 3 4 5 6 7 8 9 10 | 10.2
Dodging        | 1 2 3 4 |  4.1
Maces & Flails | 2 4 5 6 |  6.1
Invocations    | 1 2 3 |  3.0
Staves         | 1 2 |  2.0
Evocations     | 1 |  1.9
Stealth        | 1 2 |  2.5
Polearms       | 1 |  1.4
Spellcasting   | 1 |  1.1

Action                   |  1- 3 |  4- 6 |  7- 9 | 10-12 | 13-15 | 16-18 || total
-------------------------+-------+-------+-------+-------+-------+-------++-------
Melee: War axe           |    83 |   165 |   224 |   330 |       |       ||   802
       Bite              |    21 |    41 |   109 |   337 |   365 |   239 ||  1112
       Whip              |       |       |    90 |   299 |    50 |     5 ||   444
       Staff             |       |       |       |    30 |       |     4 ||    34
       Broad axe         |       |       |       |   221 |   743 |   535 ||  1499
       Flail             |       |       |       |    65 |    46 |     2 ||   113
       Lance             |       |       |       |       |     7 |       ||     7
Invok: Heroism           |       |       |       |    10 |     9 |     4 ||    23
       Finesse           |       |       |       |       |     2 |     1 ||     3
 Abil: Evoke Berserk Rag |       |       |       |       |     1 |       ||     1
Evoke: Wand              |       |       |     1 |    10 |       |     2 ||    13
  Use: Scroll            |     1 |     4 |     1 |     2 |    18 |     6 ||    32
       Potion            |       |       |     1 |     1 |     2 |     1 ||     5
  Eat: Chunk             |       |     3 |     5 |    16 |    13 |     5 ||    42
       Ration            |       |     1 |     1 |     3 |     5 |     2 ||    12
Armor: Scale mail        |    44 |    75 |   166 |    88 |       |       ||   373
       Plate armour      |       |       |       |   329 |   368 |   172 ||   869
Dodge: Dodged            |    27 |    57 |    85 |   238 |   195 |    88 ||   690
Block: Shield            |    42 |    94 |   176 |   498 |   346 |       ||  1156
       Large shield      |       |       |       |       |   385 |   697 ||  1082
